AoeStats
← Corsican Pirate

Arena

510912419Analyzed
4v4 RM · 20h ago on Oct 3, 2026· 14m 15s· 8 players
Game mode
Random Map
Map size
Large (8 player)
Population
200
Speed
Normal
Resources
Standard
Victory
Conquest
Starting age
Dark Age
Ending age
Imperial Age
RankedLock teamsTeams togetherTeam positionsShared explorationLock speedFull tech treeHidden civsTurbo modeCheats
Victory
Defeat
🇨🇷 Italians · Costa Rica
1312
+17
🇨🇷 Portuguese · Costa Rica
1310
+17
🇺🇸 Ethiopians · United States
1305
+17
🇨🇷 Khitans · Costa Rica
1215
+21
🇲🇽 Hindustanis · Mexico
1342
-19
🇲🇽 Georgians · Mexico
1333
-18
🇲🇽 Maya · Mexico
1320
-18
🇺🇸 Saracens · United States
1313
-17
[CRM] - Shadow
11:12 Feudal Age
12:55 Double-Bit Axe
16:11 Castle Age
14:32 Forging
[CRM]-Camacho
1:19 Loom
5:24 Loom
11:17 Feudal Age
15:48 Castle Age
[HOBO]Drifter
[CRM]-Holvin
11:04 Feudal Age
16:07 Castle Age
Glamdring
Gúthwinë
11:24 Feudal Age
15:09 Castle Age
genghis bong
Corsican Pirate
Connection lost

Rejoining the realm…

Still unreachable

The connection could not be restored.

Session expired

The server has moved on; the page needs a fresh start.